[Event "87th Spanish Championship 2022"]
[Site "Linares"]
[Date "2022.08.16"]
[Round "7.24"]
[White "Garza Marco, Sergio"]
[Black "Serrano Almendros, Alejandro"]
[Result "1-0"]
[ECO "C02"]
[WhiteElo "2408"]
[BlackElo "2177"]
[Annotator "TA"]
[PlyCount "99"]
[EventDate "2022.08.11"]
[EventType "swiss"]
[EventCountry "ESP"]
[SourceTitle "playchess.com"]
[Source "ChessBase"]
[SourceQuality "1"]
[TimeControl "5400+30"]

1. e4 e6 2. d4 d5 3. e5 c5 4. c3 Nc6 5. Nf3 cxd4 6. cxd4 Qb6 7. Nc3 $1 {[%emt 0:01:10] 7.Nc3 scores better than 7.a3.} Bd7 8. Be2 {[%emt 0:01:12] C02: French: Advance Variation.} Nh6 (8... Nge7 $14 {feels stronger.}) 9. Bxh6 $16 gxh6 10. Qd2 {[%emt 0:00:42] White is better.} Bg7 11. O-O O-O 12. Na4 $1 Qa5 13. Qxa5 Nxa5 14. Nc5 {[%emt 0:00:08] [#]} Bc8 $146 ({Predecessor:} 14... Bc6 15. Rfc1 Rfc8 16. Rc3 b6 17. Nb3 Nxb3 18. axb3 a5 19. Rac1 Bd7 20. Rxc8+ Rxc8 21. Rxc8+ Bxc8 {½-½ (32) Maurizzi,M (2489)-Dgebuadze,A (2490) Chartres 2021}) 15. Rac1 b6 16. Nb3 Nc4 17. Rc2 (17. Bxc4 dxc4 18. Nbd2 (18. Rxc4 Ba6 $17) 18... b5 $11) 17... Ba6 18. Na1 {[%emt 0:09:40] Hoping for b3.} Bb7 19. Rfc1 b5 (19... a5 $14) 20. Nb3 {[%emt 0:01:00] White stays focused until the end.} Rfc8 21. Nc5 Bc6 22. Nd3 Bd7 23. b3 Nb6 24. Nc5 Be8 25. Na6 {[%emt 0:00:48] White is much more active.} Rxc2 26. Rxc2 Bd7 27. Ne1 {[%emt 0:01:42] Pair of Knights!} Rc8 28. Rxc8+ Nxc8 29. Nc7 b4 30. Na6 Bf8 31. Nc2 Ne7 32. Naxb4 ({Don't play} 32. Nc5 $6 Bc8 $14) 32... a5 33. Na6 Nc6 34. a3 Na7 (34... f6 $16 {was called for.}) 35. Nc5 Be8 36. Nb7 a4 37. b4 Nb5 (37... f6 {is a better defense.} 38. Nd8 (38. exf6 Bg6 $16) 38... Bg6) 38. Bxb5 $18 Bxb5 {[%emt 0:00:01][%mdl 4096] Endgame KBB-KNN} 39. Nc5 h5 40. f4 h4 41. Ne3 Bh6 42. g3 {[%emt 0:00:02][%cal Bg2g3,Bg3g4][%mdl 32] White is clearly winning.} f6 (42... Kf8 $142 43. Nd1 (43. gxh4 Bxf4 44. Kf2 Ke7 $14) 43... hxg3) 43. Ng4 Bf8 44. Nxf6+ Kf7 45. Nxh7 Be7 46. g4 Kg6 47. Nf6 h3 48. Kf2 Bf8 49. Kg3 Bf1 50. Nxa4 {[%emt 0:00:11] Weighted Error Value: White=0.06 (flawless) /Black=0.21 (precise)} 1-0

[Event "87th Spanish Championship 2022"]
[Site "Linares"]
[Date "2022.08.16"]
[Round "7.25"]
[White "Fernandez Garcia, Gumersindo"]
[Black "Suarez Uriel, Adrian"]
[Result "1/2-1/2"]
[ECO "E73"]
[WhiteElo "2160"]
[BlackElo "2386"]
[Annotator "TA"]
[PlyCount "97"]
[EventDate "2022.08.11"]
[EventType "swiss"]
[EventCountry "ESP"]
[SourceTitle "playchess.com"]
[Source "ChessBase"]
[SourceQuality "1"]
[TimeControl "5400+30"]

1. d4 Nf6 2. c4 g6 3. Nc3 Bg7 4. e4 d6 5. Be2 O-O 6. Be3 Na6 {[%emt 0:00:03] E73: King's Indian: Averbakh Variation without 6...c5.} 7. g4 (7. Nf3 $14) 7... c5 $1 $11 {[%emt 0:00:13][%cal Of6g4] Hoping for ...Nxg4!} 8. g5 {[%emt 0:01:58] [#]} ({White should try} 8. d5 $11) 8... Ng4 $1 $15 {[%emt 0:00:40] Black is slightly better.} 9. Bxg4 Bxg4 10. f3 ({White should play} 10. Qxg4 cxd4 11. Bxd4 Bxd4 12. Nge2) 10... cxd4 11. Bxd4 Bxd4 12. Qxd4 Bh5 13. Nd5 {[%emt 0:09:04] Inhibits Nb4.} Nc7 14. Rc1 {[%emt 0:08:35] [#]} e5 $146 ({Predecessor:} 14... Nxd5 15. Qxd5 Qb6 16. Qd2 Rac8 17. Kf1 Qa6 18. b3 b5 19. cxb5 Rxc1+ 20. Qxc1 Qxa2 {0-1 (30) Heidarsson,A (1965)-Jonsson,G (2046) Reykjavik 2020}) 15. Qd2 (15. Qe3 $17) 15... Nxd5 $19 16. cxd5 f5 17. gxf6 Qxf6 18. Rc3 (18. Qe3 $17 {is a better defense.}) 18... Rac8 19. h4 Rxc3 20. Qxc3 Qf4 (20... Bxf3 $19 21. Qxf3 Qxf3 22. Nxf3 Rxf3) 21. Rh3 $17 Qf7 22. Kf2 Qd7 23. Kg3 Qb5 (23... a6 $17) 24. Rh2 $1 $11 Qb6 25. Qc1 Qa6 (25... Rf7 $11) 26. Rc2 $1 $14 Qb5 (26... Qb6 $14) 27. Rc8 $16 Qd7 {[%emt 0:04:33] [#]} 28. Rxf8+ Kxf8 {[%emt 0:00:01][%mdl 4096] Endgame KQB-KQN} 29. Qe3 Qa4 {[%emt 0:02:13] [#]} 30. Qg5 (30. Nh3 $1 $16) 30... Qd7 (30... Qd1 $5 31. Qf6+ Kg8 $11) 31. Qf6+ Kg8 32. Nh3 h6 {[%emt 0:00:03] Against Ng5} 33. Nf2 Qf7 (33... a5 $14) 34. Qxf7+ $18 Kxf7 35. Ng4 ({Better is} 35. Nd1 $16) 35... Bxg4 $11 {[%emt 0:01:04] The position is equal.} 36. fxg4 {[%emt 0:00:01] KP-KP} Ke7 37. Kf3 Kd7 38. Ke3 Kc7 39. Kd3 Kb6 40. Kc4 Ka5 {[%emt 0:00:09] White must now prevent ...Ka4.} 41. b3 Kb6 42. b4 a5 43. a3 axb4 44. Kxb4 ({But not} 44. axb4 g5 45. h5 Ka6 $17) 44... Ka6 45. a4 b6 46. Kb3 Ka5 47. Ka3 $1 b5 (47... g5 $5 48. h5 b5 49. axb5 Kxb5 $11) 48. axb5 Kxb5 {[%emt 0:00:04] aiming for ...Kc4.} 49. Kb3 {[%emt 0:00:02] White used his chance.  Weighted Error Value: White=0.19 (very precise) /Black=0.16 (very precise)} 1/2-1/2

[Event "87th Spanish Championship 2022"]
[Site "Linares"]
[Date "2022.08.16"]
[Round "7.26"]
[White "Rey Martinez, Jaime"]
[Black "Valmana Canto, Jaime"]
[Result "1/2-1/2"]
[ECO "C15"]
[WhiteElo "2117"]
[BlackElo "2406"]
[Annotator "TA"]
[PlyCount "81"]
[EventDate "2022.08.11"]
[EventType "swiss"]
[EventCountry "ESP"]
[SourceTitle "playchess.com"]
[Source "ChessBase"]
[SourceQuality "1"]
[TimeControl "5400+30"]

1. e4 e6 2. d4 d5 3. Nc3 Bb4 4. Nge2 dxe4 5. a3 Be7 6. Nxe4 Nf6 7. Nxf6+ {[%emt 0:00:31] The modern move.} Bxf6 8. Be3 {[%emt 0:00:35] C15: French: 3 Nc3 Bb4: Unusual White 4th moves.} O-O 9. Qd2 e5 10. O-O-O exd4 11. Bxd4 (11. Nxd4 {with more complications.} Qe7 12. Bc4 Rd8 13. Qe2) 11... Nc6 {[%emt 0:00:15] [#]} 12. Bxf6 $146 ({Predecessor:} 12. Bc5 Qxd2+ 13. Rxd2 Rd8 14. Rxd8+ Nxd8 15. Bd4 Bxd4 16. Nxd4 {½-½ (16) Gheorghiu,F-Hort,V Siegen 1970}) 12... Qxf6 13. Qf4 Qe5 14. Qxe5 (14. Qg3 {looks sharper.} Be6 15. Nc3 Rad8 16. Bd3) 14... Nxe5 15. f3 {[%emt 0:02:43] Inhibits Ng4.} b6 16. Nc3 Bb7 17. Be2 h5 18. Rhe1 Rfe8 19. Bb5 c6 20. Bf1 Ng6 21. g3 c5 22. f4 Bf3 23. Be2 Bg4 (23... Bxe2 $14 24. Rxe2 Rxe2 25. Nxe2 Re8) 24. Bxg4 $16 hxg4 25. Ne4 ({White should play} 25. Nd5 $16) 25... Rad8 26. Rxd8 Rxd8 $14 {[%emt 0:00:02][%mdl 4096] Endgame KRN-KRN} 27. Nf2 f5 28. h3 gxh3 29. Nxh3 Rd7 30. Ng5 Re7 {[%emt 0:00:03] Prevents Re8+.} 31. Rd1 Nf8 $1 32. Rd8 g6 $1 33. Nf3 Re3 (33... Kg7 $1 $11) 34. Ne5 $16 {[%emt 0:04:24] [#] aiming for Nxg6.} Kg7 35. Ra8 {[%emt 0:05:31] White is more active.} Rxg3 36. Rxa7+ Kh6 37. Nf7+ Kh5 38. Ne5 Kh6 $1 39. Nf7+ Kh5 40. Ne5 {[%emt 0:00:04] [#] Threatens to win with Rf7.} Kh6 $1 41. Nf7+ {[%emt 0:00:04] Weighted Error Value: White=0.12 (very precise) /Black=0.10 (very precise)} (41. Re7 $14) 1/2-1/2

[Event "87th Spanish Championship 2022"]
[Site "Linares"]
[Date "2022.08.16"]
[Round "7.27"]
[White "Perez Guerra, Raul"]
[Black "Gonzalez Castillo, Jose Javier"]
[Result "1-0"]
[ECO "B24"]
[WhiteElo "2276"]
[BlackElo "2009"]
[Annotator "NA RC"]
[PlyCount "30"]
[EventDate "2022.08.11"]
[EventType "swiss"]
[EventCountry "ESP"]
[SourceTitle "playchess.com"]
[Source "ChessBase"]
[SourceQuality "1"]
[TimeControl "5400+30"]

1. e4 c5 2. Nc3 Nc6 3. g3 g6 4. Bg2 Bg7 5. Nge2 d6 6. a3 Rb8 7. d3 b5 8. Rb1 a5 9. a4 b4 10. Nb5 Ba6 11. c4 h5 12. f4 h4 13. g4 h3 14. Bf3 Bxb5 15. axb5 Nd4 1-0

[Event "87th Spanish Championship 2022"]
[Site "Linares"]
[Date "2022.08.16"]
[Round "7.28"]
[White "Garcia Escoda, Marc"]
[Black "Luque Saiz, Andres"]
[Result "0-1"]
[ECO "C03"]
[WhiteElo "2130"]
[BlackElo "2289"]
[Annotator "TA"]
[PlyCount "68"]
[EventDate "2022.08.11"]
[EventType "swiss"]
[EventCountry "ESP"]
[SourceTitle "playchess.com"]
[Source "ChessBase"]
[SourceQuality "1"]
[TimeControl "5400+30"]

1. e4 e6 2. d4 d5 3. Nd2 h6 4. Bd3 Nf6 5. e5 Nfd7 6. Ne2 c5 7. c3 Nc6 8. O-O Qb6 9. Nf3 Be7 10. Bb1 {[%emt 0:08:23] C06: French Tarrasch: 3...Nf6 4 e5 Nfd7 5 Bd3 main lines.} Qc7 11. Nf4 {[%emt 0:05:51] [#]} cxd4 $146 ({Predecessor:} 11... b6 12. b3 Bb7 13. Qe2 O-O-O 14. Bd3 Kb8 15. Bb2 Rc8 16. Rfc1 Qd8 17. Ba6 h5 18. Bxb7 Kxb7 {½-½ (73) Lim,B (1995)-Nyberg,M (1941) Auckland 2014}) 12. cxd4 {[%emt 0:00:51] White is better.} b6 13. Be3 Ba6 14. Re1 g5 15. Nh5 O-O-O 16. Bd3 Bxd3 17. Qxd3 Kb7 18. Rac1 (18. a3 $14) 18... Rc8 $11 19. a3 Qd8 20. b4 Qg8 21. Re2 $2 {[%emt 0:05:58] [#]} ({Reject} 21. Qb5 Qg6 22. Ng3 a6 $15) ({White should try} 21. b5 $11 Na5 22. Rxc8 Kxc8 23. Qc2+ Kb8 24. Rc1) 21... Qg6 $17 22. Qxg6 fxg6 23. Ng3 g4 24. Ne1 {[%emt 0:00:11] [#]} (24. b5 $17 gxf3 25. bxc6+ Rxc6 26. Ra2) 24... Nxd4 $1 $19 25. Rb2 {[%emt 0:02:15] Rxc8 is the strong threat.} (25. Ra2 Nc6) 25... Rxc1 26. Bxc1 g5 27. Nd3 Rc8 {[%emt 0:00:28][%cal Od7e5] White must now prevent ...Nxe5!} 28. Be3 Nc6 29. Re2 Bf8 ({Not} 29... Ndxe5 $2 30. Nxe5 Nxe5 31. Bxb6 Rc1+ 32. Nf1 $19) 30. h3 gxh3 ({Worse is} 30... Ndxe5 31. Nxe5 Nxe5 32. Bxg5 $19) 31. gxh3 Ncxe5 32. Nxe5 Nxe5 33. Kg2 Ng6 34. Bd2 e5 {[%emt 0:01:52] Weighted Error Value: White=0.41/Black=0.09 (flawless)} 0-1

[Event "87th Spanish Championship 2022"]
[Site "Linares"]
[Date "2022.08.16"]
[Round "7.29"]
[White "Garcia Garcia, Samuel"]
[Black "Del Prado Rodriguez, Xulio"]
[Result "0-1"]
[ECO "E62"]
[WhiteElo "2084"]
[BlackElo "2282"]
[Annotator "TA"]
[PlyCount "72"]
[EventDate "2022.08.11"]
[EventType "swiss"]
[EventCountry "ESP"]
[SourceTitle "playchess.com"]
[Source "ChessBase"]
[SourceQuality "1"]
[TimeControl "5400+30"]

1. d4 Nf6 2. c4 g6 3. g3 Bg7 4. Bg2 O-O 5. Nf3 d6 6. O-O Nc6 7. Nc3 e5 8. d5 Nb8 {is now debated instead of 8...Ne7.} 9. e4 a5 {[%emt 0:00:13] E62: King's Indian: Fianchetto: 6...c6 and Panno Variation (6...Nc6) without ...a6.} 10. Ne1 Na6 11. Nd3 Nd7 {[%emt 0:00:07] The position is equal.} 12. Be3 f5 13. f3 b6 {[%emt 0:12:58] [#]} 14. b3 $146 ({Predecessor:} 14. a3 Nac5 15. b4 axb4 16. Nxb4 Nf6 17. Nc6 Qe8 18. Nb5 Rf7 19. Qc2 Bb7 20. Bh3 Bxc6 21. dxc6 fxe4 22. Bxc5 dxc5 23. fxe4 Qxc6 {0-1 (48) Lodhi,M (2315)-Koustav,C (2431) Dhaka 2021}) 14... Ndc5 15. a3 (15. Ne1 $11) 15... f4 $15 16. Bf2 Nxd3 17. Qxd3 h5 18. Rab1 g5 ({Better is} 18... Nc5 $15 19. Qc2 a4) 19. b4 $11 g4 20. c5 (20. Be1 $11) 20... bxc5 $17 21. bxc5 (21. bxa5 $17 {might work better.} c4 22. Qe2 (22. Qxc4 $2 fxg3 23. Bxg3 h4 $17)) 21... Nxc5 $19 22. Bxc5 dxc5 (22... Ba6 23. Nb5 dxc5 24. Qc3 $17) 23. Rfd1 (23. Qc4 $17) 23... Ba6 (23... fxg3 $19 24. fxg4 (24. hxg3 $2 gxf3 25. Bxf3 Qg5 $19) 24... gxh2+ 25. Kh1 Bxg4) 24. Nb5 $17 Qg5 25. d6 $2 (25. fxg4 $17 Rab8 26. a4) 25... c6 $1 $19 (25... fxg3 $2 26. dxc7 gxf3 27. Bxf3 $19) 26. Qb3+ c4 $1 27. Qxc4+ Kh8 28. Qxc6 fxg3 29. fxg4 {[%emt 0:03:26] [#]} (29. Qc1 $142 gxh2+ 30. Kh1 Qxc1 31. Rdxc1 gxf3 32. Bh3) 29... gxh2+ ({Inferior is} 29... hxg4 30. d7 $11) (29... Qxg4 30. h3 Bxb5 31. Qxb5 $14) ({Black should play} 29... Rac8 $1 $19 30. Nc7 (30. Qxa6 Rc2 $19) 30... Be2) 30. Kh1 $17 Qxg4 {[%emt 0:00:12][%cal Of8f2] ( -> ...Rf2!)} (30... hxg4 $2 31. Nc7 Be2 32. Nxa8 $18) 31. Rf1 {[%emt 0:00:19] [#] Inhibits Rf2.} Bxb5 $2 {[%emt 0:03:09] Dancing on a razor blade.} (31... Rac8 $1 $19 32. Rxf8+ (32. Qxa6 {is a self mate.} Rc2) 32... Rxf8) 32. Qxb5 $11 h4 $40 {[%emt 0:00:44][%mdl 128] Hoping for ...h3. White needs to defend precisely.} 33. Qd3 {[%emt 0:00:18] Inhibits h3.} Rad8 34. Rxf8+ Bxf8 35. Bh3 (35. Qf1 $11 {remains equal.} Qg5 36. d7) 35... Rxd6 $17 {[%emt 0:00:38] ...Qg1+ is the strong threat.} 36. Qxd6 $4 (36. Qf1 $17 Qg1+ 37. Qxg1 hxg1=N 38. Kxg1) 36... Qxe4+ {[%emt 0:00:05] Weighted Error Value: White=0.75/Black=0.24 (precise)} 0-1

[Event "87th Spanish Championship 2022"]
[Site "Linares"]
[Date "2022.08.16"]
[Round "7.30"]
[White "Esquivias Quintero, Luis Manuel"]
[Black "Vidal del Rio, Manuel"]
[Result "1-0"]
[ECO "C88"]
[WhiteElo "2299"]
[BlackElo "2092"]
[Annotator "TA"]
[PlyCount "145"]
[EventDate "2022.08.11"]
[EventType "swiss"]
[EventCountry "ESP"]
[SourceTitle "playchess.com"]
[Source "ChessBase"]
[SourceQuality "1"]
[TimeControl "5400+30"]

1. e4 e5 2. Nf3 Nc6 3. Bb5 a6 4. Ba4 Nf6 5. O-O Be7 6. Re1 b5 7. Bb3 O-O 8. a4 Bb7 9. d3 d6 10. Bd2 Qd7 11. Nc3 Na5 12. Ba2 b4 {[%emt 0:00:12] C88: Closed Ruy Lopez: Anti-Marshall Systems.} 13. Ne2 c5 14. Ng3 Rab8 {[%emt 0:03:20] The position is equal.} 15. Nf5 Bc8 (15... Bd8 {is more complex.} 16. Ng5 Nc6 17. h3 Nd4) 16. Ne3 {[%emt 0:06:44] [#]} Qc7 $146 ({Predecessor:} 16... Qd8 17. Nc4 Nc6 18. c3 Ne8 19. Ne3 Nc7 20. Nd5 Be6 21. Be3 bxc3 22. bxc3 Na5 {½-½ (72) Petrova,K (2274)-Hebden,M (2477) Dundee 2017}) 17. Nc4 Nc6 18. h3 h6 19. Bb3 Be6 20. Qb1 Nh5 (20... Nd4 $15 21. Nxd4 cxd4) 21. Qa2 Nf4 22. Ne3 Bxb3 23. Qxb3 Na5 (23... Rfd8 {keeps more tension.} 24. Nf5 Na5 25. Qa2 b3) 24. Qa2 b3 25. Qb1 bxc2 26. Qxc2 Nb3 $36 {[%emt 0:00:12][%mdl 2048] Black is pushing.} 27. Rab1 Qd7 28. a5 Rb5 29. Nc4 Ne6 30. Bc3 Bd8 31. Nfd2 Ned4 ({Reject} 31... Nxa5 $6 32. Ra1 Nd4 33. Qd1 (33. Bxd4 exd4 34. Reb1 Re8 $15) 33... Nxc4 34. Nxc4 $15) 32. Bxd4 Nxd4 33. Qc3 Bg5 34. Nb6 Bxd2 35. Nxd7 $11 Bxc3 36. bxc3 Rd8 37. cxd4 Rxd7 38. Rxb5 axb5 39. dxc5 dxc5 {[%emt 0:00:11][%mdl 4096] Endgame KR-KR} 40. Rc1 Rc7 41. a6 f6 42. Ra1 {[%emt 0:01:19] [#] a7 is the strong threat.} Ra7 43. Ra5 b4 44. Kf1 Kf7 45. Ke2 Ke6 46. Rxc5 Rxa6 47. Rb5 Ra2+ 48. Ke3 Rb2 49. Rb6+ Kf7 50. Rb7+ Kg6 51. g4 b3 52. h4 h5 53. gxh5+ Kh6 54. f4 Kxh5 55. fxe5 fxe5 56. Rxg7 {[%emt 0:01:13] Strongly threatening Rg5+.} Kxh4 57. Re7 Rc2 $2 {[%emt 0:01:26][%mdl 8192] White stays focused until the end.} (57... Rb1 $11 58. Kd2 Ra1) 58. Rxe5 $18 b2 59. Rb5 Kg4 60. d4 $2 (60. Rb8 $18 Rg2 61. Rb4) 60... Rh2 $2 (60... Rc3+ $11 61. Kd2 Rg3) 61. Kd3 Rh3+ {[%emt 0:00:25] [#]} 62. Kc4 $1 Kf4 63. Rxb2 (63. e5 Rh2 64. Kd5 Kf5) 63... Kxe4 {[%emt 0:00:16] White mates.} 64. Re2+ Kf5 65. d5 Kf6 66. Kc5 Rc3+ 67. Kd6 Kf7 68. Kd7 Kf8 69. Rf2+ Kg7 70. d6 Rc1 71. Kd8 Rd1 72. d7 Rd3 73. Rc2 {[%emt 0:00:05] Weighted Error Value: White=0.15 (very precise) /Black=0.08 (flawless)} 1-0

[Event "87th Spanish Championship 2022"]
[Site "Linares"]
[Date "2022.08.16"]
[Round "7.31"]
[White "Gonzalez Guedes, Iyan"]
[Black "Aguado Doncel, Pablo Luis"]
[Result "1-0"]
[ECO "A00"]
[WhiteElo "2250"]
[BlackElo "2029"]
[Annotator "NA RC"]
[PlyCount "32"]
[EventDate "2022.08.11"]
[EventType "swiss"]
[EventCountry "ESP"]
[SourceTitle "playchess.com"]
[Source "ChessBase"]
[SourceQuality "1"]
[TimeControl "5400+30"]

1. g3 Nf6 2. Bg2 d5 3. d3 c6 4. Nd2 Bf5 5. e4 Bg6 6. Qe2 e6 7. Nh3 h6 8. O-O Be7 9. f4 O-O 10. g4 dxe4 11. dxe4 Na6 12. e5 Nd5 13. Ne4 f5 14. exf6 Nxf6 15. Nxf6+ Bxf6 16. Kh1 Nb4 1-0

[Event "87th Spanish Championship 2022"]
[Site "Linares"]
[Date "2022.08.16"]
[Round "7.32"]
[White "Garcia Gonzalez, Omar"]
[Black "Lopez Varela, Pablo"]
[Result "0-1"]
[ECO "C22"]
[WhiteElo "2094"]
[BlackElo "2158"]
[Annotator "TA"]
[PlyCount "50"]
[EventDate "2022.08.11"]
[EventType "swiss"]
[EventCountry "ESP"]
[SourceTitle "playchess.com"]
[Source "ChessBase"]
[SourceQuality "1"]
[TimeControl "5400+30"]

1. e4 e5 2. d4 exd4 3. Qxd4 Nc6 4. Qe3 g6 5. Nc3 Bg7 6. Bd2 Nge7 {[%emt 0:00:29] C22: Centre Game.} (6... Nf6 $1 $11) 7. O-O-O $14 d6 8. f4 O-O {[%emt 0:05:11] [#] White is slightly better.} 9. h4 $146 ({Predecessor:} 9. h3 d5 10. exd5 Nxd5 11. Qf3 Be6 12. Be1 Qf6 13. Nge2 Rad8 14. a3 b5 15. g4 {0-1 (25) Mihailidou,M (1754)-Davison,C (2068) London 2018}) 9... h5 10. Be1 (10. f5 $14) 10... Re8 11. Qg3 a6 12. Be2 (12. Bd2 $1 $11) 12... b5 13. Bf3 (13. f5 $1 $11) 13... Rb8 14. Nce2 {[%emt 0:11:50] [#]} b4 {[%emt 0:09:31] Against Bc3} 15. Bf2 Rb5 (15... a5 $17 {Hoping for ...a4.} 16. Qg5 a4) 16. Kb1 Ra5 (16... a5 $17) 17. f5 (17. Nh3 $1 $11) 17... Qd7 18. Qg5 $2 (18. Nh3 $15) 18... Ne5 {[%emt 0:02:02][%cal Re7f5] White must now prevent ...Nxf5!} 19. b3 N7c6 20. Nh3 Nxf3 ({Black should try} 20... gxf5 $17 21. Rd5 fxe4 22. Bxe4 Rxd5 23. Bxd5 Ng4) 21. gxf3 $11 Ne5 $36 {[%emt 0:00:31][%mdl 2048] Black has some pressure.} 22. Qf4 (22. fxg6 $11 fxg6 23. Bd4) 22... Nc4 23. bxc4 $4 {[%emt 0:01:31][%mdl 8192] [#]} (23. Bd4 $11 Na3+ 24. Kb2) 23... Rxa2 $3 {[%emt 0:00:13][%csl Gg7][%cal Ra2a1][%mdl 512] Black mates.} 24. Kc1 (24. Qe5 Bxe5) 24... Bc3 25. Nxc3 bxc3 {[%emt 0:00:03] Weighted Error Value: White=0.75/Black=0.38} 0-1

[Event "87th Spanish Championship 2022"]
[Site "Linares"]
[Date "2022.08.16"]
[Round "7.33"]
[White "Guerra Bastida, Diego"]
[Black "Alvarez Pampillon, Antonio"]
[Result "1/2-1/2"]
[ECO "A43"]
[WhiteElo "2242"]
[BlackElo "2019"]
[Annotator "TA"]
[PlyCount "179"]
[EventDate "2022.08.11"]
[EventType "swiss"]
[EventCountry "ESP"]
[SourceTitle "playchess.com"]
[Source "ChessBase"]
[SourceQuality "1"]
[TimeControl "5400+30"]

1. d4 c5 2. e3 g6 3. Nf3 Bg7 4. Be2 Nf6 5. dxc5 Na6 6. O-O {[%emt 0:02:29] A48: 1 d4 Nf6 2 Nf3 g6: Torre, London and Colle Systems.} Nxc5 7. c4 {[%emt 0:00:23] [#]} Nfe4 $146 ({Predecessor:} 7... O-O 8. b4 Nce4 9. Bb2 d5 10. Nbd2 Bg4 11. h3 Nxd2 12. Nxd2 Bxe2 13. Qxe2 Qb6 {½-½ (21) Barbot,P (2438)-Yilmaz,M (2634) Paleochora 2022}) 8. Nd4 a5 9. Na3 f5 10. Nab5 a4 11. Rb1 d6 12. b4 axb3 $1 13. axb3 Bd7 14. b4 (14. f3 $16) 14... Na4 $1 $11 15. Ra1 (15. Rb3 $11) 15... Bxb5 $15 16. cxb5 Nec3 {[%emt 0:00:46] Pair of Knights!} 17. Qc2 Nxe2+ 18. Qxe2 Nc3 19. Qc4 Rxa1 ({Black should play} 19... Rc8 $1 $15 20. Qd3 Qd7) 20. Ne6 $11 Kd7 21. Nxd8 $18 Rxd8 22. Bb2 {[%emt 0:02:56][%csl LRa1,LRc3] Dancing on a razor blade.} Rxf1+ 23. Qxf1 Rc8 24. g3 d5 25. Qd3 e6 26. Kg2 (26. b6 $18) 26... Rc4 27. b6 Kc6 28. Qc2 (28. Bxc3 $142 Bxc3 29. Qc2) 28... Rxb4 $16 29. Bxc3 Rc4 {[%emt 0:00:01] [#]} 30. Qa2 $1 Bxc3 {[%emt 0:00:12][%mdl 4096] Endgame KQ-KRB} 31. Qa8 Kxb6 32. Qd8+ Rc7 33. h4 (33. Qd6+ $14 Rc6 34. Qd7) 33... Be5 (33... Kc6 $11) 34. Qg8 (34. Qe8 $16 Rc6 35. Qe7) 34... Re7 $11 35. Qd8+ (35. h5 $11) 35... Rc7 $16 36. Kh3 (36. Qe8 $16 Rc6 37. Qe7) 36... Kc6 37. Qe8+ {[%emt 0:00:31][%mdl 1024] White has compensation.} Kd6 38. Qf8+ Re7 39. Qb8+ Rc7 40. Qf8+ Kc6 41. f4 Bd6 42. Qe8+ Rd7 ({Black should try} 42... Kc5 $11) 43. Qxe6 b5 {[%emt 0:01:20] [#]} (43... Re7 $14 44. Qc8+ Bc7) 44. Qe8 $1 b4 45. Qc8+ (45. h5 $16) 45... Rc7 $11 46. Qa8+ Rb7 47. Qc8+ Rc7 48. Qa8+ Rb7 49. Qa6+ Kc7 50. Qa5+ Kc6 51. Qa6+ Kc7 52. Qa5+ Rb6 53. Qa7+ Kc6 54. Qa8+ Kc5 55. Qa5+ Rb5 56. Qa7+ Kc4 (56... Rb6 $11) 57. Qd4+ $14 Kb3 58. Qf6 (58. Qd1+ $14 Kc3 59. Qc1+ Kb3 60. Qc6) 58... Bc5 $11 59. Qa6 Kc4 {[%emt 0:00:07] And now ...b3 would win.} 60. Qa4 Bxe3 61. Qc2+ Kd4 {[%emt 0:00:11] aiming for ...b3.} 62. Qd1+ Kc5 {[%emt 0:00:38] Strongly threatening ...b3.} 63. Qc2+ Kb6 64. Qd3 d4 65. Qb3 Kc6 66. Qc4+ Kb6 {[%emt 0:00:09] Hoping for ...b3.} 67. Qb3 Kc5 68. Qc2+ Kd6 69. Qc4 Rb6 70. Qg8 b3 {[%emt 0:01:35] Threatens to win with ...Kc5.} 71. Qd8+ Kc5 {[%emt 0:00:10] White must now prevent ...Rb4.} 72. Qc7+ Kb5 73. Qd7+ Kb4 {[%emt 0:00:21] ...Rb5 is the strong threat.} (73... Kc4 $5 74. Qc7+ Kb5 $11) 74. Qe7+ Kb5 (74... Kc4 $5 75. Qc7+ Kb5 $11) 75. Qd7+ Rc6 (75... Kb4 $5 76. Qe7+ Kc4 77. Qc7+ Kb5 $11) 76. Qd5+ Rc5 $1 77. Qxb3+ Kc6 (77... Ka5 $1 $11) 78. Qg8 Rd5 79. Qc8+ Kd6 80. Qd8+ Kc6 81. Qa8+ Kd6 82. Qe8 Rc5 (82... Kc7 $11 {remains equal.}) 83. Qf8+ ({Better is} 83. h5 $16) 83... Kc6 {[%emt 0:00:27] [#]} (83... Kd5 $11 {keeps the balance.}) 84. Qe7 (84. h5 $1 $16) 84... Rd5 85. Qe6+ Rd6 86. Qc4+ Kb6 (86... Kd7 $1 $11 {is superior.}) 87. Qb4+ (87. Qd3 $1 $14 {deserves consideration.}) 87... Kc6 (87... Kc7 $11 {was preferrable.}) 88. Qc4+ $14 Kb6 89. Qb4+ (89. Qd3 $14 {is more appropriate.}) 89... Kc6 $11 90. Qc4+ {[%emt 0:00:38] Black defended with fortune.  Weighted Error Value: White=0.20 (precise) /Black=0.22 (precise)} 1/2-1/2